cohdb
Replays
Latest Replays
All Replays
Popular Replays
Top Player Replays
Match Explorer
How It Works
Community
CoH3 Stats
Reddit
Sign in to upload your games and track your stats! →
Sign in with Steam
Match 45622247
Unlisted
Match 45622247
Overview
Messages
Build Orders
End
Royal Engineer Section
Construct Section Command Post
Infantry Section
Infantry Section
Infantry Section
Infantry Section
Construct Platoon Command Post
Humber Armored Car
Construct Field Infirmary
Infantry Training
ML 3-inch Mortar Team
Selects Air and Sea Battlegroup
Selects Commando Section Paradrop
Selects M1 Pack Howitzer Paradrop
Commando Section Paradrop
Construct Company Command Post
Grenade Package
Selects Anti-tank Rocket Loiter
Foot Guards Section
IpKaiFung
MadMax
0
0
Comments
sign in to comment!
No comments posted yet!